Construct Section Command Post
Selects British Armored Battlegroup
Selects Rigorous Vehicle Training
Construct Platoon Command Post
6-pounder Anti-tank Gun Team
Construct Field Infirmary
Selects Crusader AA Medium Tank
6-pounder Anti-tank Gun Team
Unlock Bishop Self-propelled Artillery
Bishop Self-propelled Artillery
Selects Churchill IV Heavy Tank
Selects Engineer Detachments
Selects Forward Repair Assembly